 Dungeon Crawl Stone Soup version 0.29-a0-207-gf982a884d8 (webtiles) character file.

Game seed: 4397588856522818179

998 mcwallace the Chiller (level 8, -12/67 HPs)
             Began as a Ghoul Ice Elementalist on Feb 24, 2022.
             Mangled by Duvessa
             ... wielding a +0 short sword
              (18 damage)
             ... on level 5 of the Dungeon.
             The game lasted 00:13:37 (5874 turns).

mcwallace the Chiller (Ghoul Ice Elementalist)      Turns: 5874, Time: 00:13:37

Health: -12/67     AC:  3    Str: 12    XL:     8   Next: 19%
Magic:  12/22      EV: 12    Int: 12    God:
Gold:   251        SH:  0    Dex:  9    Spells: 11/15 levels left

rFire   . . .      SeeInvis .   P - +3 flail {mace}
rCold   + . .      Faith    .   (no shield)
rNeg    + + +      Spirit   .   a - +0 robe rPois โˆž Reflect .
                                (no helmet)
rElec   .          Harm     .   b - +0 cloak
rCorr   .          Rampage  .   (no gloves)
Will    .....                   (no boots)
Stlth   ++........              c - amulet of the acrobat
HPRegen 0.00/turn               q - ring of wizardry
MPRegen 0.18/turn               r - ring of magical power

@: freezing walls, inhibited regen
A: claws 1, cold resistance 1, negative energy resistance 3, inhibited
regeneration, torment resistance 2
a: no special abilities


You were on level 5 of the Dungeon.
You visited 1 branch of the dungeon, and saw 5 of its levels.

You collected 251 gold pieces.


Innate Abilities, Weirdness & Mutations

You thrive by killing the living.
You are immune to poison.
You have sharp fingernails.
Your flesh is cold resistant. (rC+)
You are immune to negative energy. (rN+++)
You do not regenerate when monsters are visible.
You are immune to unholy pain and torment.


   Skills:
 + Level 4.6 Fighting
 + Level 2.1 Armour
 + Level 4.3 Dodging
 - Level 2.1 Stealth
 + Level 4.0 Spellcasting
 + Level 6.5 Ice Magic


You had 11 spell levels left.
You knew the following spells:

 Your Spells              Type           Power      Damage    Failure   Level
a - Freeze                Ice            72%        1d9       1%          1
b - Frozen Ramparts       Ice            36%        1d5       1%          3

Your spell library contained the following spells:

 Spells                   Type           Power      Damage    Failure   Level
 Ozocubu's Armour         Ice            18%        N/A       1%          3
 Ensorcelled Hibernation  Hex/Ice        20%        N/A       3%          2
 Sandblast                Erth           4%         2d4       9%          1
 Corpse Rot               Necr/Air       4%         N/A       13%         2
 Passwall                 Tmut/Erth      1%         N/A       13%         2
 Poisonous Vapours        Pois/Air       4%         N/A       13%         2
 Hailstorm                Conj/Ice       10%        3d5       22%         4
 Stone Arrow              Conj/Erth      4%         3d7       26%         3
 Swiftness                Air            2%         N/A       26%         3

Inventory:

Hand Weapons
 e - a +0 dagger {short}
   (You took it off a kobold on level 1 of the Dungeon)
 s - a +3 dagger {short}
   (You took it off a kobold on level 2 of the Dungeon)
 x - a +0 hand axe of venom {axe}
   (You took it off an orc priest on level 3 of the Dungeon)
 H - a +2 scythe of venom {polearm}
   (You took it off Sigmund on level 3 of the Dungeon)
 P - a +3 flail (weapon) {mace}
   (You took it off an orc on level 4 of the Dungeon)
Missiles
 i - 84 stones {throwing}
 w - 23 poisoned darts (quivered) {throwing}
 z - 3 boomerangs {throwing}
 B - 3 datura-tipped darts {throwing}
 R - a boomerang of dispersal {=f!fthrowing}
 V - 2 throwing nets {=f!fthrowing}
Armour
 a - a +0 robe (worn)
 b - a +0 cloak (worn)
   (You found it on level 1 of the Dungeon)
 d - a +0 chain mail
   (You found it on level 1 of the Dungeon)
 f - a +0 leather armour
   (You found it on level 1 of the Dungeon)
 l - a +0 plate armour
   (You found it on level 1 of the Dungeon)
 m - a +0 scale mail
   (You found it on level 1 of the Dungeon)
 n - a +0 leather armour
   (You found it on level 1 of the Dungeon)
 p - a +0 leather armour
   (You found it on level 2 of the Dungeon)
 t - a +0 ring mail
   (You took it off a kobold on level 2 of the Dungeon)
 u - a +0 chain mail
   (You took it off a hobgoblin on level 2 of the Dungeon)
 v - a +0 ring mail
   (You found it on level 2 of the Dungeon)
 y - a +0 leather armour
   (You took it off an orc priest on level 3 of the Dungeon)
 F - a +0 robe
   (You found it on level 3 of the Dungeon)
 I - a +0 robe
   (You took it off Sigmund on level 3 of the Dungeon)
 J - a +0 ring mail
   (You took it off a goblin on level 3 of the Dungeon)
 K - a +0 leather armour
   (You took it off an orc on level 3 of the Dungeon)
 N - a +0 robe
   (You took it off an orc wizard on level 4 of the Dungeon)
 O - a +0 ring mail
   (You took it off an orc on level 4 of the Dungeon)
 Q - a +0 leather armour
   (You took it off an orc on level 4 of the Dungeon)
 U - a +0 leather armour
   (You found it on level 4 of the Dungeon)
Magical Staves
 L - a staff of conjuration {!a@e2staff}
   (You found it on level 3 of the Dungeon)
Jewellery
 c - an amulet of the acrobat (around neck)
   (You found it on level 1 of the Dungeon)
 q - a ring of wizardry (left claw)
   (You found it on level 2 of the Dungeon)
 r - a ring of magical power (right claw)
   (You found it on level 2 of the Dungeon)
 C - a ring of see invisible
   (You took it off a goblin on level 3 of the Dungeon)
 G - a +6 ring of dexterity
   (You found it on level 3 of the Dungeon)
Wands
 M - a wand of digging (7)
   (You found it on level 3 of the Dungeon)
Scrolls
 h - a scroll of enchant weapon {unknown}
 j - a scroll of noise {unknown}
 k - 4 scrolls of blinking {unknown}
 E - 2 scrolls of fog {unknown}
 X - a scroll of vulnerability {unknown}
 Y - a scroll of teleportation {unknown}
 Z - a scroll of magic mapping {unknown}
Potions
 g - a potion of haste {unknown}
 o - a potion of ambrosia {unknown}
 A - a potion of attraction {unknown}
 D - 3 potions of magic {unknown}
 S - a potion of brilliance {unknown}
 T - a potion of resistance {unknown}
 W - a potion of mutation {unknown}

Dungeon Overview and Level Annotations

Branches:
Dungeon (5/15)
 Temple: D:4-7

Altars:

Shops:
D:1 !   D:3 ((=[=

Annotations:
D:4 1 runed translucent door, spaghetti's ghost, novice OgBe
D:5 Duvessa

#....##...e.......
#.....รท#.Z<.......
#....g.).........<
#....)######......
#....e##...#######
#.....##...#
.###.....##<..#
.........##)..#
...#......e@..# ..
#.....##...#
########...# #...#
#...# #...# #####


You could see Duvessa (berserk, fast).


Message History

You resist with some effort.
Casting: Frozen Ramparts (safe; 1% risk of failure)
Confirm with . or Enter, or press ? or * to list all spells.
Casting: Frozen Ramparts (safe; 1% risk of failure)
Press: ? - help, Dir - look around, f - activate The walls around you are covered in ice.
The wall freezes Dowan.
Dowan barely misses you. ๐Ÿ˜Ž MP[-3]
You lost 3 mp, and now have 18/21 mp.
You barely miss Dowan.
The wall freezes Dowan.
Dowan closely misses you.
You miss Dowan.
The wall freezes Dowan.
Dowan hits you but does no damage.
You completely miss Dowan.
The wall freezes Dowan.
Dowan says, "Magic and the sword, together, will defeat you."
Dowan barely misses you.
The wall freezes Dowan.
Dowan mumbles some strange words.
Dowan blinks!
The frozen ramparts melt away.
Duvessa shouts! ๐Ÿ˜Ž MP[+1]
You closely miss Dowan. Dowan closely misses you.
Casting: Frozen Ramparts (safe; 1% risk of failure)
Confirm with . or Enter, or press ? or * to list all spells.
Casting: Frozen Ramparts (safe; 1% risk of failure)
Press: ? - help, Dir - look around, f - activate You miscast Frozen Ramparts.
You are very lightly contaminated with residual magic.
Nothing appears to happen.
Dowan gestures at Duvessa while chanting.
Duvessa seems to speed up.
Duvessa says, "When magic and the sword combine, nothing stands against them." ๐Ÿ˜Ž MP[-3]
You lost 3 mp, and now have 16/21 mp.
Casting: Frozen Ramparts (safe; 1% risk of failure)
Confirm with . or Enter, or press ? or * to list all spells.
Casting: Frozen Ramparts (safe; 1% risk of failure)
Press: ? - help, Dir - look around, f - activate The walls around you are covered in ice.
The wall freezes Dowan.
Dowan hits you with a +1 dagger of venom.
The wall freezes Duvessa. ๐Ÿ˜• HP[-3] MP[-3]
You take 3 damage, and now have 64/67 hp.
You lost 3 mp, and now have 13/21 mp.
You thump Dowan!
You kill Dowan!
You feel better.
Duvessa screams, "No!
How DARE you!"
Duvessa goes berserk!
The wall freezes Duvessa.
The wall freezes Duvessa but does no damage.
Duvessa hits you with a +0 short sword!
Your Spellcasting skill increases to level 4! ๐Ÿ˜• HP[-13]
You take 13 damage, and now have 51/67 hp.
You hit Duvessa.
The wall freezes Duvessa.
Duvessa closely misses you.
The wall freezes Duvessa.
Duvessa barely misses you. ๐Ÿ˜• MP[+1]
You barely miss Duvessa.
The wall freezes Duvessa.
Duvessa hits you with a +0 short sword.
The wall freezes Duvessa.
Duvessa hits you with a +0 short sword. ๐Ÿ˜ฎ HP[-4]
You take 4 damage, and now have 47/67 hp.
You closely miss Duvessa.
The wall freezes Duvessa.
Duvessa hits you with a +0 short sword!
The wall freezes Duvessa.
Duvessa hits you with a +0 short sword!
* * * LOW HITPOINT WARNING * * *
Your magical contamination has completely faded away. ๐Ÿ˜จ HP[-21]
You take 21 damage, and now have 26/67 hp.
MASSIVE DAMAGE!! (PAUSE)
Okay, then.
Casting: Frozen Ramparts (safe; 1% risk of failure)
Confirm with . or Enter, or press ? or * to list all spells.
Aiming: Freeze (safe; 1% risk of failure)
Press: ? - help, Shift-Dir - straight line, f - Duvessa
Aim: Duvessa, wielding a +0 short sword and wearing a +0 leather armour (moderately wounded, berserk, fast)
You freeze Duvessa.
The wall freezes Duvessa.
Duvessa hits you with a +0 short sword.
* * * LOW HITPOINT WARNING * * *
The wall freezes Duvessa but does no damage.
Duvessa hits you with a +0 short sword!
* * * LOW HITPOINT WARNING * * *
๐Ÿ˜ฑ HP[-20] MP[-1]
You take 20 damage, and now have 6/67 hp.
MASSIVE DAMAGE!! (PAUSE)
You lost 1 mp, and now have 13/22 mp.
Casting: Freeze (safe; 1% risk of failure)
Confirm with . or Enter, or press ? or * to list all spells.
Aiming: Freeze (safe; 1% risk of failure)
Press: ? - help, Shift-Dir - straight line, f/p - Duvessa
Aim: Duvessa, wielding a +0 short sword and wearing a +0 leather armour (heavily wounded, berserk, fast)
You freeze Duvessa!
The wall freezes Duvessa.
Duvessa barely misses you.
Casting: Freeze (safe; 1% risk of failure)
Confirm with . or Enter, or press ? or * to list all spells.
Aiming: Freeze (safe; 1% risk of failure)
Press: ? - help, Shift-Dir - straight line, f/p - Duvessa
Aim: Duvessa, wielding a +0 short sword and wearing a +0 leather armour (severely wounded, berserk, fast)
You freeze Duvessa.
The wall freezes Duvessa.
Duvessa hits you with a +0 short sword!!
You die...

Skill      XL: |  1  2  3  4  5  6  7  8 |
---------------+-------------------------+-----
Dodging        | 2 3 4 |  4.3
Spellcasting   | 2 3 4 |  4.0
Fighting       | 1 2 3 4 |  4.6
Ice Magic      | 5 6 |  6.5
Armour         | 1 2 |  2.1
Stealth        | |  2.1

Action                   |  1- 3 |  4- 6 |  7- 9 || total
-------------------------+-------+-------+-------++-------
Melee: Dagger            |    50 |    85 |    33 ||   168
       Punch             |       |     1 |     1 ||     2
       Flail             |       |       |    69 ||    69
Throw: Stone             |     1 |     7 |       ||     8
       Dart              |       |     3 |       ||     3
 Cast: Freeze            |    35 |       |     3 ||    38
       Frozen Ramparts   |     1 |    24 |    18 ||    43
 Stab: Sleeping          |       |     1 |       ||     1
Armor: Robe              |    19 |    26 |    12 ||    57
Dodge: Dodged            |    83 |    58 |    78 ||   219

Levels and vault maps discovered:
D:1:      saegor_arrival_simple_b, layout_rooms,
          ebering_ecumenical_altar_petrified, serial_shops, shop
D:2:      layout_basic, lexackson_kobold_supper
D:3:      layout_basic, serial_glass, glass_columns_b, glass_columns_a,
          glass_columns_c, glass_columns_a, glass_columns_a, serial_shops,
          nicolae_shop_waterfront, nicolae_shop_waterfront,
          nicolae_shop_temple_entry_statues_fountains, shop, shop, uniq_sigmund
D:4:      layout_gridville, ebering_ghost_reflecting_pool
D:5:      layout_rooms, minmay_fractal_squares_5, uniq_pikel, uniq_duvessa,
          uniq_crazy_yiuf_cottage

Notes
Turn   | Place    | Note
-------+----------+-------------------------------------------
     0 | D:1      | mcwallace the Ghoul Ice Elementalist began the quest for
                  | the Orb.
     0 | D:1      | Reached XP level 1. HP: 14/14 MP: 2/2
     0 | D:1      | magus.rc [v1.9.6]
   273 | D:1      | Reached XP level 2. HP: 22/22 MP: 0/3
   284 | D:1      | Reached skill level 2 in Dodging
   384 | D:1      | Reached skill level 2 in Spellcasting
   443 | D:1      | Found Zooqul's Distillery.
   446 | D:1      | Reached skill level 1 in Fighting
   603 | D:1      | You pick up a book of Vapours and begin reading...
   603 | D:1      | You add the spells Poisonous Vapours and Corpse Rot to your
                  | library.
   722 | D:1      | Reached XP level 3. HP: 24/28 MP: 0/5
   807 | D:1      | Found a faded altar of an unknown god.
   978 | D:2      | Noticed an ogre
   990 | D:1      | Learned a level 3 spell: Frozen Ramparts
  1015 | D:2      | Killed an ogre
  1016 | D:2      | Reached skill level 2 in Fighting
  1016 | D:2      | Reached skill level 5 in Ice Magic
  1016 | D:2      | Reached XP level 4. HP: 19/36 MP: 0/6
  1016 | D:2      | Reached XP level 5. HP: 22/41 MP: 0/7
  2143 | D:3      | Reached skill level 3 in Dodging
  2294 | D:3      | Noticed Sigmund
  2316 | D:3      | Killed Sigmund
  2317 | D:3      | Reached skill level 3 in Fighting
  2317 | D:3      | Reached skill level 3 in Spellcasting
  2317 | D:3      | Reached XP level 6. HP: 34/51 MP: 9/9
  2528 | D:3      | Found Payc's Armour Emporium.
  2634 | D:3      | Found Pecaohos's Jewellery Boutique.
  2688 | D:3      | Found Riohage's Antique Weapon Boutique.
  2690 | D:3      | Found Dazxaschixitt's Jewellery Emporium.
  2870 | D:3      | You pick up a book of Burglary and begin reading...
  2870 | D:3      | You add the spells Passwall, Ensorcelled Hibernation and
                  | Swiftness to your library.
  3007 | D:3      | Found Yghion's Antique Weapon Boutique.
  3081 | D:4      | Noticed a necrophage
  3097 | D:4      | Killed a necrophage
  3098 | D:4      | Reached XP level 7. HP: 43/58 MP: 11/11
  3442 | D:4      | Reached skill level 1 in Armour
  3442 | D:4      | Reached skill level 6 in Ice Magic
  3589 | D:4      | Found a runed translucent door.
  3594 | D:4      | Noticed spaghetti's ghost (novice OgBe)
  3772 | D:4      | You pick up a book of Geomancy and begin reading...
  3772 | D:4      | You add the spells Sandblast and Stone Arrow to your
                  | library.
  4128 | D:4      | HP: 4/58 [ogre/+0 giant spiked club (22)]
  4130 | D:4      | Reached skill level 4 in Fighting
  4592 | D:4      | Reached skill level 4 in Dodging
  5004 | D:5      | Entered Level 5 of the Dungeon
  5012 | D:5      | HP: 7/59 [ogre/+0 giant club (22)]
  5015 | D:5      | Reached XP level 8. HP: 9/67 MP: 12/12
  5015 | D:5      | Noticed Duvessa
  5018 | D:5      | Noticed Dowan
  5020 | D:5      | HP: 5/67 [water moccasin skeleton (1)]
  5749 | D:5      | Reached skill level 2 in Armour
  5868 | D:5      | Killed Dowan
  5869 | D:5      | Reached skill level 4 in Spellcasting
  5872 | D:5      | HP: 6/67 [Duvessa/+0 short sword (16)]
  5874 | D:5      | Mangled by Duvessa

Vanquished Creatures
  Sigmund (D:3)
  A necrophage (D:4)
  3 ogres
  Dowan (D:5)
  A water moccasin skeleton (D:5)
  2 hounds (D:4)
  2 orc priests (D:3)
  An orc wizard (D:4)
  7 adders
  9 gnolls (D:4)
  2 adder skeletons (D:4)
  3 worms
  3 dart slugs
  12 orcs
  3 ball pythons
  5 endoplasms
  5 giant cockroaches
  7 goblins
  6 hobgoblins
  A quokka (D:1)
  6 bats
  2 frilled lizards
  13 kobolds
  5 rats
101 creatures vanquished.

Vanquished Creatures (others)
  11 plants (D:2)
  4 withered plants (D:1)
15 creatures vanquished.

Grand Total: 116 creatures vanquished

Table legend:
 A = Non-vault XP
 B = Vault XP
 C = Vault XP percentage of total XP
 D = Non-vault monster count
 E = Vault monster count
 F = Vault count percentage of total count
                 A         B        C        D         E       F
            +---------+---------+-------+---------+---------+-------
      Total |    1115 |     311 |  21.8 |      91 |      10 |   9.9
            +---------+---------+-------+---------+---------+-------
        D:1 |      50 |       0 |   0.0 |      27 |       0 |   0.0
        D:2 |     147 |       8 |   5.2 |      10 |       8 |  44.4
        D:3 |     151 |     231 |  60.5 |      17 |       1 |   5.6
        D:4 |     560 |       0 |   0.0 |      33 |       0 |   0.0
        D:5 |     207 |      72 |  25.8 |       4 |       1 |  20.0
            +---------+---------+-------+---------+---------+-------

Illustrated notes

Table legend:
 A = Kills in this place as a percentage of kills in entire the game.
 B = Kills by you in this place as a percentage of kills by you in the entire game.
 C = Kills by friends in this place as a percentage of kills by friends in the entire game.
 D = Other kills in this place as a percentage of other kills in the entire game.
 E = Experience gained in this place as a percentage of experience gained in the entire game.
 F = Experience gained in this place divided by the number of levels of this place that you have seen.
                   A       B       C       D       E      F
               +-------+-------+-------+-------+-------+----------------------
         Total | 100.0 | 100.0 |   N/A |   N/A | 100.0 | 285.2
       Dungeon | 100.0 | 100.0 |   N/A |   N/A | 100.0 | 285.2
               +-------+-------+-------+-------+-------+----------------------

Table legend: (Time is in decaauts)
 A = Elapsed time spent in this place.
 B = Non-inter-level travel time spent in this place.
 C = Inter-level travel time spent in this place.
 D = Time resting spent in this place.
 E = Time spent auto-exploring this place.
 F = Levels seen in this place.
 G = Mean time per level.
                   A        B        C        D        E       F      G
               +--------+--------+--------+--------+--------+-----+--------+
         Total |   5906 |   5771 |    135 |    823 |   3955 |   5 | 1181.2 |
       Dungeon |   5906 |   5771 |    135 |    823 |   3955 |   5 | 1181.2 |
               +--------+--------+--------+--------+--------+-----+--------+

Top non-repeatable levels by time:
     D:4: 2744 daAuts
     D:3: 1119 daAuts
     D:1: 986 daAuts
     D:2: 974 daAuts
     D:5: 81 daAuts
